2906 views
Uploaded 2019-12-01 21:06:45
Game version 1.32.0.3 / 1.32.0.3.1
29:14 long 4on4 ladder game on (8)Feralas_LV
Saved by iggythefisk
2906 views
Uploaded 2019-12-01 21:06:45
Game version 1.32.0.3 / 1.32.0.3.1
29:14 long 4on4 ladder game on (8)Feralas_LV


245 units @ 33.6k
/ 4.8k
80 buildings @ 13.5k
/ 6k

| Scroll of Town Portal | 3 | 1050 |
| total: | 3 | 1050g |
| Wisp | 23 | 1380 | / | 0 |
| Archer | 32 | 4160 | / | 320 |
| Huntress | 9 | 1755 | / | 180 |
| Glaive Thrower | 1 | 210 | / | 65 |
| Hippogryph | 11 | 1760 | / | 220 |
| total: | 76 | 9265g | / | 785w |
| Ancient Protector | 7 | 945 | / | 560 |
| Altar of Elders | 1 | 180 | / | 50 |
| Moon Well | 5 | 900 | / | 200 |
| Ancient of War | 1 | 150 | / | 60 |
| Hunter's Hall | 1 | 210 | / | 100 |
| Ancient of Wonders | 1 | 90 | / | 30 |
| Tree of Life | 1 | 340 | / | 185 |
| Ancient of Wind | 2 | 300 | / | 280 |
| Tree of Ages | 1 | 320 | / | 180 |
| Tree of Eternity | 1 | 330 | / | 200 |
| total: | 19 | 3115g | / | 1465w |
| 0:08 | Wisp |
| 0:09 | Wisp |
| 0:09 | Wisp |
| 0:23 | Altar of Elders |
| 0:46 | Wisp |
| 0:53 | Moon Well |
| 1:29 | Wisp |
| 1:41 | Ancient of War |
| 2:15 | Wisp |
| 2:15 | Wisp |
| 2:23 | Moon Well |
| 2:37 | Hunter's Hall |
| 2:54 | Archer |
| 2:54 | Archer |
| 2:54 | Archer |
| 2:59 | Trueshot Aura |
| 3:29 | Ancient of Wonders |
| 3:38 | Huntress |
| 5:06 | Tree of Ages |
| 5:07 | Strength of the Moon |
| 5:08 | Reinforced Hides |
| 5:14 | Huntress |
| 6:03 | Huntress |
| 6:03 | Huntress |
| 6:03 | Archer |
| 6:04 | Huntress |
| 6:05 | Huntress |
| 8:15 | Moon Well |
| 8:32 | Searing Arrows |
| 9:30 | Ancient Protector |
| 9:38 | Glaive Thrower |
| 9:39 | Archer |
| 9:43 | Wisp |
| 9:43 | Wisp |
| 11:34 | Trueshot Aura |
| 12:13 | Moon Well |
| 12:15 | Moon Well |
| 13:04 | Archer |
| 13:04 | Huntress |
| 13:23 | Huntress |
| 13:24 | Huntress |
| 13:30 | Ancient Protector |
| 13:33 | Ancient Protector |
| 13:53 | Scroll of Town Portal |
| 13:53 | Scroll of Town Portal |
| 13:54 | Scroll of Town Portal |
| 15:24 | Tree of Eternity |
| 17:26 | Ancient of Wind |
| 19:48 | Tree of Life |
| 20:24 | Wisp |
| 20:44 | Ancient of Wind |
| 21:31 | Moon Armor |
| 21:46 | Hippogryph |
| 21:46 | Hippogryph |
| 21:47 | Hippogryph |
| 21:54 | Improved Bows |
| 21:55 | Marksmanship |
| 22:14 | Hippogryph |
| 22:14 | Hippogryph |
| 24:34 | Archer |
| 24:34 | Archer |
| 24:35 | Archer |
| 24:35 | Archer |
| 24:39 | Hippogryph |
| 24:40 | Hippogryph |
| 24:40 | Hippogryph |
| 24:40 | Hippogryph |
| 25:21 | Archer |
| 25:22 | Archer |
| 25:22 | Archer |
| 25:22 | Archer |
| 25:23 | Archer |
| 25:28 | Hippogryph |
| 26:29 | Improved Strength of the Moon |
| 26:30 | Improved Moon Armor |
| 26:34 | Archer |
| 27:03 | Hippogryph |
| 27:36 | Archer |
| 27:36 | Archer |
| 27:37 | Archer |
| 27:37 | Archer |
| 27:37 | Archer |
| 27:37 | Archer |
| 27:37 | Archer |
| 27:39 | Archer |
| 27:39 | Archer |
| 27:40 | Archer |
| 27:47 | Archer |
| 27:47 | Archer |
| 27:47 | Archer |
| 27:47 | Archer |
| 27:48 | Archer |
| 27:54 | Archer |
| 28:40 | Searing Arrows |
| 29:05 | Wisp |
| 29:05 | Wisp |
| 29:05 | Wisp |
| 29:05 | Wisp |
| 29:06 | Wisp |
| 29:06 | Wisp |
| 29:14 | Wisp |
| 29:14 | Wisp |
| 29:14 | Wisp |
| 29:15 | Wisp |
| 29:15 | Wisp |
| 29:15 | Wisp |
| 29:16 | Wisp |
| 29:26 | Ancient Protector |
| 29:33 | Ancient Protector |
| 29:54 | Ancient Protector |
| 30:01 | Ancient Protector |
| Right click | 721 |
| Select | 305 |
| Build/train/purchase | 125 |
| Misc. action | 46 |
| Chat | 24 |
| Remove unit | 21 |
| Use ability | 5 |
| Resource trade | 5 |

| Wisp | 28 | 1680 | / | 0 |
| Archer | 26 | 3380 | / | 260 |
| Huntress | 9 | 1755 | / | 180 |
| Dryad | 8 | 1160 | / | 480 |
| Mountain Giant | 4 | 1400 | / | 400 |
| total: | 75 | 9375g | / | 1320w |
| Ancient Protector | 9 | 1215 | / | 720 |
| Altar of Elders | 2 | 360 | / | 100 |
| Moon Well | 5 | 900 | / | 200 |
| Ancient of War | 2 | 300 | / | 120 |
| Hunter's Hall | 2 | 420 | / | 200 |
| Ancient of Wonders | 1 | 90 | / | 30 |
| Tree of Life | 1 | 340 | / | 185 |
| Ancient of Lore | 1 | 155 | / | 145 |
| Tree of Ages | 1 | 320 | / | 180 |
| Tree of Eternity | 1 | 330 | / | 200 |
| total: | 23 | 3780g | / | 1700w |
| 0:08 | Altar of Elders |
| 0:09 | Moon Well |
| 0:13 | Altar of Elders |
| 0:16 | Wisp |
| 0:16 | Wisp |
| 0:45 | Wisp |
| 0:45 | Wisp |
| 1:12 | Wisp |
| 1:12 | Wisp |
| 1:16 | Ancient of War |
| 1:37 | Moon Well |
| 2:17 | Archer |
| 2:17 | Archer |
| 2:20 | Force of Nature |
| 2:44 | Hunter's Hall |
| 3:34 | Archer |
| 3:34 | Archer |
| 3:38 | Moon Well |
| 3:42 | Thorns Aura |
| 4:04 | Huntress |
| 4:04 | Huntress |
| 4:51 | Tree of Ages |
| 4:54 | Ancient of Wonders |
| 5:02 | Archer |
| 5:02 | Archer |
| 6:43 | Tree of Life |
| 6:57 | Strength of the Moon |
| 7:58 | Force of Nature |
| 8:12 | Wisp |
| 8:12 | Wisp |
| 8:20 | Ancient of War |
| 8:44 | Archer |
| 8:44 | Archer |
| 8:44 | Archer |
| 8:48 | Moon Well |
| 9:59 | Wisp |
| 9:59 | Wisp |
| 9:59 | Wisp |
| 10:14 | Huntress |
| 10:14 | Huntress |
| 10:18 | Wisp |
| 10:18 | Wisp |
| 10:18 | Wisp |
| 10:22 | Ancient of Lore |
| 11:03 | Entangling Roots |
| 11:19 | Moon Glaive |
| 11:50 | Dryad |
| 11:50 | Dryad |
| 11:52 | Mountain Giant |
| 12:43 | Archer |
| 12:44 | Archer |
| 12:44 | Archer |
| 12:48 | Wisp |
| 12:48 | Wisp |
| 12:58 | Archer |
| 12:58 | Archer |
| 12:58 | Archer |
| 14:00 | Force of Nature |
| 14:28 | Mountain Giant |
| 14:31 | Archer |
| 14:31 | Archer |
| 14:33 | Moon Armor |
| 14:34 | Improved Strength of the Moon |
| 14:37 | Hunter's Hall |
| 14:44 | Wisp |
| 14:44 | Wisp |
| 14:44 | Wisp |
| 14:45 | Wisp |
| 14:45 | Wisp |
| 15:06 | Moon Well |
| 15:25 | Ancient Protector |
| 15:26 | Ancient Protector |
| 15:49 | Ancient Protector |
| 16:06 | Ancient Protector |
| 16:10 | Wisp |
| 16:10 | Wisp |
| 16:42 | Archer |
| 16:42 | Archer |
| 16:42 | Archer |
| 16:44 | Dryad |
| 16:44 | Dryad |
| 17:32 | Ancient Protector |
| 17:33 | Ancient Protector |
| 17:34 | Ancient Protector |
| 17:55 | Wisp |
| 17:55 | Wisp |
| 18:07 | Improved Moon Armor |
| 19:47 | Mountain Giant |
| 19:48 | Mountain Giant |
| 19:50 | Huntress |
| 19:50 | Huntress |
| 19:50 | Huntress |
| 19:55 | Tree of Eternity |
| 19:56 | Wisp |
| 19:57 | Wisp |
| 19:57 | Wisp |
| 22:41 | Huntress |
| 22:42 | Huntress |
| 22:42 | Archer |
| 22:42 | Archer |
| 22:42 | Archer |
| 22:56 | Dryad |
| 22:56 | Dryad |
| 22:56 | Dryad |
| 22:56 | Dryad |
| 23:34 | Ancient Protector |
| 23:34 | Ancient Protector |
| 23:49 | Advanced Strength of the Moon |
| 23:49 | Advanced Moon Armor |
| 25:06 | Tranquility |
| 25:47 | Archer |
| 25:47 | Archer |
| 25:47 | Archer |
| 26:36 | Abolish Magic |
| 26:38 | Strength of the Wild |
| 26:40 | Reinforced Hides |
| Right click | 956 |
| Select | 472 |
| Build/train/purchase | 103 |
| Use ability | 34 |
| Misc. action | 32 |
| Minimap ping | 7 |
| Remove unit | 3 |
| Item give/drop | 1 |
| Esc | 1 |

| Rod of Necromancy | 1 | 150 |
| Potion of Mana | 2 | 400 |
| Potion of Healing | 2 | 300 |
| Scroll of Town Portal | 4 | 1400 |
| total: | 9 | 2250g |
| Acolyte | 13 | 975 | / | 0 |
| Ghoul | 5 | 600 | / | 0 |
| Crypt Fiend | 17 | 3655 | / | 680 |
| Necromancer | 11 | 1595 | / | 220 |
| Obsidian Statue | 1 | 200 | / | 35 |
| Abomination | 5 | 1200 | / | 350 |
| Meat Wagon | 6 | 1380 | / | 300 |
| total: | 58 | 9605g | / | 1585w |
| Spirit Tower | 2 | 290 | / | 80 |
| Crypt | 1 | 200 | / | 50 |
| Graveyard | 1 | 215 | / | 0 |
| Ziggurat | 8 | 1200 | / | 400 |
| Altar of Darkness | 1 | 180 | / | 50 |
| Tomb of Relics | 1 | 130 | / | 30 |
| Temple of the Damned | 2 | 310 | / | 280 |
| Slaughterhouse | 1 | 140 | / | 135 |
| Halls of the Dead | 1 | 320 | / | 210 |
| Black Citadel | 1 | 325 | / | 230 |
| total: | 15 | 2375g | / | 945w |
| 0:04 | Acolyte |
| 0:07 | Crypt |
| 0:11 | Graveyard |
| 0:19 | Acolyte |
| 0:38 | Ziggurat |
| 0:59 | Altar of Darkness |
| 1:11 | Ghoul |
| 1:36 | Crypt Fiend |
| 1:45 | Creature Attack |
| 2:07 | Crypt Fiend |
| 2:23 | Ziggurat |
| 2:47 | Creature Carapace |
| 2:58 | Death Coil |
| 3:15 | Crypt Fiend |
| 3:18 | Ziggurat |
| 3:42 | Tomb of Relics |
| 4:04 | Crypt Fiend |
| 4:12 | Unholy Aura |
| 4:32 | Crypt Fiend |
| 4:34 | Acolyte |
| 4:59 | Crypt Fiend |
| 5:03 | Spirit Tower |
| 5:14 | Rod of Necromancy |
| 6:14 | Acolyte |
| 6:16 | Crypt Fiend |
| 6:24 | Acolyte |
| 6:24 | Acolyte |
| 6:24 | Acolyte |
| 6:34 | Acolyte |
| 8:02 | Death Coil |
| 8:16 | Ziggurat |
| 8:36 | Ziggurat |
| 9:17 | Halls of the Dead |
| 9:33 | Ghoul |
| 9:33 | Ghoul |
| 9:55 | Ghoul |
| 10:39 | Crypt Fiend |
| 10:39 | Crypt Fiend |
| 11:48 | Black Citadel |
| 11:50 | Ghoul |
| 11:57 | Temple of the Damned |
| 11:59 | Temple of the Damned |
| 12:17 | Slaughterhouse |
| 12:26 | Unholy Armor |
| 12:37 | Crypt Fiend |
| 12:38 | Web |
| 12:47 | Potion of Mana |
| 12:52 | Potion of Healing |
| 12:59 | Necromancer Adept Training |
| 13:11 | Skeletal Mastery |
| 13:33 | Necromancer |
| 13:34 | Obsidian Statue |
| 13:36 | Necromancer |
| 13:47 | Crypt Fiend |
| 13:50 | Ziggurat |
| 13:51 | Ziggurat |
| 14:55 | Death Pact |
| 15:04 | Crypt Fiend |
| 15:06 | Necromancer Master Training |
| 15:07 | Necromancer |
| 15:07 | Necromancer |
| 15:09 | Disease Cloud |
| 15:16 | Acolyte |
| 15:16 | Acolyte |
| 15:16 | Acolyte |
| 15:16 | Acolyte |
| 15:17 | Acolyte |
| 15:20 | Unholy Strength |
| 15:28 | Ziggurat |
| 15:34 | Crypt Fiend |
| 15:37 | Abomination |
| 16:00 | Necromancer |
| 16:04 | Improved Unholy Armor |
| 16:11 | Scroll of Town Portal |
| 16:40 | Necromancer |
| 16:41 | Necromancer |
| 16:42 | Abomination |
| 16:46 | Abomination |
| 17:48 | Abomination |
| 17:50 | Necromancer |
| 18:38 | Abomination |
| 18:39 | Necromancer |
| 18:42 | Crypt Fiend |
| 20:07 | Necromancer |
| 20:09 | Meat Wagon |
| 20:57 | Scroll of Town Portal |
| 21:19 | Death Coil |
| 21:42 | Meat Wagon |
| 22:11 | Scroll of Town Portal |
| 22:42 | Meat Wagon |
| 23:14 | Meat Wagon |
| 26:08 | Scroll of Town Portal |
| 26:14 | Potion of Healing |
| 26:16 | Potion of Mana |
| 26:19 | Meat Wagon |
| 26:20 | Meat Wagon |
| 26:22 | Necromancer |
| 26:23 | Crypt Fiend |
| 26:59 | Spirit Tower |
| 27:49 | Crypt Fiend |
| 27:49 | Crypt Fiend |
| Right click | 1669 |
| Select | 449 |
| Build/train/purchase | 103 |
| Use ability | 45 |
| Misc. action | 16 |
| Chat | 12 |
| Remove unit | 4 |
| Item give/drop | 1 |


| Staff of Preservation | 1 | 150 |
| Orb of Venom | 1 | 325 |
| Scroll of Healing | 1 | 250 |
| Potion of Lesser Invulnerability | 1 | 150 |
| Scroll of Protection | 1 | 150 |
| Staff of Teleportation | 1 | 150 |
| total: | 6 | 1175g |
| Wisp | 14 | 840 | / | 0 |
| Archer | 3 | 390 | / | 30 |
| Huntress | 7 | 1365 | / | 140 |
| Dryad | 4 | 580 | / | 240 |
| Druid of the Claw | 7 | 1785 | / | 560 |
| Mountain Giant | 1 | 350 | / | 100 |
| total: | 36 | 5310g | / | 1070w |
| Altar of Elders | 1 | 180 | / | 50 |
| Ancient of War | 3 | 450 | / | 180 |
| Moon Well | 9 | 1620 | / | 360 |
| Hunter's Hall | 1 | 210 | / | 100 |
| Tree of Life | 3 | 1020 | / | 555 |
| Ancient of Wonders | 2 | 180 | / | 60 |
| Ancient of Lore | 3 | 465 | / | 435 |
| Ancient of Wind | 1 | 150 | / | 140 |
| Tree of Ages | 2 | 640 | / | 360 |
| Tree of Eternity | 1 | 330 | / | 200 |
| total: | 23 | 4275g | / | 1880w |
| 0:03 | Wisp |
| 0:03 | Wisp |
| 0:07 | Altar of Elders |
| 0:19 | Ancient of War |
| 0:20 | Ancient of War |
| 0:21 | Wisp |
| 0:29 | Moon Well |
| 0:39 | Wisp |
| 0:52 | Wisp |
| 0:52 | Wisp |
| 1:24 | Archer |
| 1:38 | Wisp |
| 1:47 | Moon Well |
| 1:52 | Archer |
| 2:22 | Force of Nature |
| 2:58 | Hunter's Hall |
| 3:14 | Wisp |
| 3:37 | Tree of Ages |
| 3:50 | Archer |
| 4:00 | Moon Well |
| 4:02 | Moon Well |
| 4:24 | Huntress |
| 4:40 | Huntress |
| 4:42 | Entangling Roots |
| 5:46 | Force of Nature |
| 5:52 | Ultravision |
| 5:57 | Huntress |
| 6:00 | Tree of Eternity |
| 6:14 | Huntress |
| 8:11 | Frost Arrows |
| 8:20 | Tree of Life |
| 8:54 | Potion of Lesser Invulnerability |
| 8:54 | Scroll of Healing |
| 8:55 | Scroll of Protection |
| 8:56 | Staff of Teleportation |
| 9:49 | Ancient of Lore |
| 9:51 | Ancient of Lore |
| 9:56 | Huntress |
| 9:56 | Huntress |
| 10:06 | Wisp |
| 10:06 | Wisp |
| 10:06 | Wisp |
| 10:30 | Well Spring |
| 10:35 | Moon Well |
| 10:35 | Moon Well |
| 10:36 | Moon Well |
| 11:04 | Huntress |
| 11:38 | Druid of the Claw Adept Training |
| 11:39 | Abolish Magic |
| 11:39 | Dryad |
| 11:39 | Dryad |
| 12:21 | Druid of the Claw Master Training |
| 12:38 | Wisp |
| 12:38 | Wisp |
| 12:38 | Wisp |
| 12:41 | Druid of the Claw |
| 13:04 | Druid of the Claw |
| 13:50 | Entangling Roots |
| 13:55 | Druid of the Claw |
| 13:57 | Druid of the Claw |
| 14:21 | Ancient of Wonders |
| 14:24 | Ancient of Lore |
| 14:30 | Tree of Life |
| 14:33 | Strength of the Wild |
| 15:01 | Forked Lightning |
| 16:04 | Druid of the Claw |
| 16:04 | Druid of the Claw |
| 16:40 | Druid of the Claw |
| 16:57 | Dryad |
| 17:09 | Ancient of Wonders |
| 17:23 | Improved Strength of the Wild |
| 17:46 | Moon Well |
| 17:46 | Moon Well |
| 18:16 | Dryad |
| 18:29 | Mark of the Claw |
| 19:53 | Mountain Giant |
| 20:32 | Staff of Preservation |
| 20:40 | Orb of Venom |
| 21:44 | Frost Arrows |
| 22:15 | Ancient of War |
| 22:20 | Ancient of Wind |
| 22:44 | Tree of Life |
| 24:26 | Entangling Roots |
| Right click | 1513 |
| Select group | 707 |
| Select | 460 |
| Misc. action | 190 |
| Build/train/purchase | 122 |
| Use ability | 96 |
| Assign group | 41 |
| Minimap ping | 25 |
| Item give/drop | 5 |
| Remove unit | 1 |
136 units @ 15.8k
/ 1.4k
238 buildings @ 15.1k
/ 7.3k



| Scroll of Regeneration | 1 | 100 |
| Lesser Clarity Potion | 1 | 70 |
| Staff of Sanctuary | 3 | 750 |
| Orb of Fire | 2 | 650 |
| Boots of Speed | 3 | 750 |
| Staff of Teleportation | 3 | 450 |
| Circlet of Nobility | 1 | 175 |
| Periapt of Vitality | 1 | 325 |
| total: | 15 | 3270g |
| Peasant | 14 | 1050 | / | 0 |
| Priest | 1 | 135 | / | 10 |
| total: | 15 | 1185g | / | 10w |
| Scout Tower | 88 | 2640 | / | 1760 |
| Arcane Tower | 1 | 70 | / | 50 |
| Guard Tower | 31 | 2170 | / | 1550 |
| Altar of Kings | 1 | 180 | / | 50 |
| Farm | 7 | 560 | / | 140 |
| Lumber Mill | 1 | 120 | / | 0 |
| Arcane Vault | 2 | 260 | / | 60 |
| Town Hall | 2 | 770 | / | 410 |
| Arcane Sanctum | 1 | 150 | / | 140 |
| Keep | 1 | 320 | / | 210 |
| Castle | 1 | 360 | / | 210 |
| total: | 102 | 4680g | / | 2560w |
| 0:02 | Peasant |
| 0:02 | Peasant |
| 0:10 | Altar of Kings |
| 0:11 | Farm |
| 0:14 | Peasant |
| 0:45 | Lumber Mill |
| 0:47 | Peasant |
| 0:55 | Peasant |
| 0:59 | Scout Tower |
| 1:04 | Peasant |
| 1:10 | Peasant |
| 1:17 | Peasant |
| 1:24 | Farm |
| 1:24 | Arcane Tower |
| 1:42 | Peasant |
| 1:51 | Peasant |
| 2:00 | Scout Tower |
| 2:10 | Storm Bolt |
| 2:24 | Peasant |
| 2:26 | Farm |
| 2:27 | Guard Tower |
| 2:32 | Scout Tower |
| 2:33 | Scout Tower |
| 2:38 | Scout Tower |
| 2:52 | Peasant |
| 2:55 | Peasant |
| 2:56 | Peasant |
| 2:57 | Improved Masonry |
| 3:01 | Scout Tower |
| 3:05 | Guard Tower |
| 3:06 | Scout Tower |
| 3:24 | Arcane Vault |
| 3:41 | Bash |
| 4:18 | Keep |
| 4:23 | Scout Tower |
| 4:29 | Scout Tower |
| 4:36 | Advanced Masonry |
| 4:45 | Boots of Speed |
| 4:45 | Staff of Teleportation |
| 4:45 | Circlet of Nobility |
| 5:06 | Guard Tower |
| 5:11 | Scout Tower |
| 5:12 | Scout Tower |
| 5:47 | Guard Tower |
| 5:50 | Scout Tower |
| 5:50 | Scout Tower |
| 5:59 | Farm |
| 6:00 | Farm |
| 6:27 | Scout Tower |
| 6:27 | Scout Tower |
| 6:28 | Guard Tower |
| 9:32 | Castle |
| 9:36 | Imbued Masonry |
| 9:36 | Improved Lumber Harvesting |
| 9:39 | Arcane Sanctum |
| 9:47 | Storm Bolt |
| 9:54 | Guard Tower |
| 10:22 | Scout Tower |
| 10:22 | Scout Tower |
| 10:51 | Guard Tower |
| 11:04 | Guard Tower |
| 11:25 | Scroll of Regeneration |
| 11:25 | Lesser Clarity Potion |
| 11:57 | Farm |
| 11:57 | Farm |
| 12:11 | Town Hall |
| 12:14 | Scout Tower |
| 12:18 | Town Hall |
| 12:21 | Scout Tower |
| 12:27 | Staff of Sanctuary |
| 12:29 | Arcane Vault |
| 12:39 | Scout Tower |
| 12:40 | Scout Tower |
| 12:42 | Scout Tower |
| 12:43 | Scout Tower |
| 12:47 | Orb of Fire |
| 12:50 | Magic Sentry |
| 12:53 | Banish |
| 13:07 | Scout Tower |
| 13:08 | Scout Tower |
| 13:09 | Guard Tower |
| 13:16 | Guard Tower |
| 13:17 | Scout Tower |
| 13:18 | Scout Tower |
| 13:20 | Scout Tower |
| 13:34 | Advanced Lumber Harvesting |
| 13:42 | Guard Tower |
| 13:47 | Guard Tower |
| 13:49 | Scout Tower |
| 13:51 | Scout Tower |
| 13:51 | Scout Tower |
| 13:55 | Staff of Teleportation |
| 14:01 | Boots of Speed |
| 14:01 | Periapt of Vitality |
| 14:12 | Guard Tower |
| 14:24 | Boots of Speed |
| 14:33 | Guard Tower |
| 14:57 | Guard Tower |
| 15:30 | Scout Tower |
| 15:31 | Scout Tower |
| 15:43 | Staff of Sanctuary |
| 15:59 | Guard Tower |
| 16:00 | Scout Tower |
| 16:01 | Scout Tower |
| 16:06 | Orb of Fire |
| 16:07 | Staff of Sanctuary |
| 16:48 | Guard Tower |
| 16:50 | Scout Tower |
| 16:51 | Scout Tower |
| 16:53 | Priest Adept Training |
| 16:54 | Priest |
| 17:29 | Guard Tower |
| 17:30 | Scout Tower |
| 17:30 | Scout Tower |
| 18:43 | Guard Tower |
| 18:46 | Scout Tower |
| 18:47 | Scout Tower |
| 18:53 | Staff of Teleportation |
| 19:15 | Guard Tower |
| 19:16 | Scout Tower |
| 19:17 | Scout Tower |
| 19:23 | Priest Master Training |
| 19:34 | Divine Shield |
| 19:41 | Siphon Mana |
| 19:51 | Scout Tower |
| 19:52 | Scout Tower |
| 19:53 | Guard Tower |
| 20:02 | Scout Tower |
| 20:02 | Scout Tower |
| 20:20 | Guard Tower |
| 20:22 | Scout Tower |
| 20:22 | Scout Tower |
| 20:46 | Guard Tower |
| 20:49 | Guard Tower |
| 20:51 | Scout Tower |
| 20:51 | Scout Tower |
| 20:52 | Scout Tower |
| 20:54 | Scout Tower |
| 21:12 | Scout Tower |
| 21:12 | Scout Tower |
| 21:14 | Scout Tower |
| 21:15 | Scout Tower |
| 21:17 | Scout Tower |
| 21:18 | Scout Tower |
| 21:48 | Guard Tower |
| 21:56 | Scout Tower |
| 21:56 | Scout Tower |
| 21:58 | Scout Tower |
| 22:01 | Scout Tower |
| 22:02 | Scout Tower |
| 22:03 | Scout Tower |
| 22:04 | Scout Tower |
| 22:06 | Scout Tower |
| 22:52 | Guard Tower |
| 22:52 | Scout Tower |
| 22:53 | Scout Tower |
| 23:21 | Guard Tower |
| 23:26 | Scout Tower |
| 23:29 | Scout Tower |
| 23:31 | Scout Tower |
| 23:38 | Bash |
| 23:59 | Guard Tower |
| 24:58 | Holy Light |
| 26:08 | Guard Tower |
| 26:15 | Scout Tower |
| 26:15 | Scout Tower |
| 26:16 | Scout Tower |
| 26:17 | Scout Tower |
| 26:18 | Scout Tower |
| 26:18 | Scout Tower |
| 26:20 | Scout Tower |
| 26:20 | Scout Tower |
| 26:23 | Scout Tower |
| 26:24 | Scout Tower |
| 26:24 | Scout Tower |
| 26:32 | Guard Tower |
| 26:42 | Banish |
| 29:54 | Scout Tower |
| 29:54 | Scout Tower |
| 29:59 | Scout Tower |
| 30:00 | Scout Tower |
| 30:00 | Scout Tower |
| 30:01 | Guard Tower |
| 30:08 | Divine Shield |
| Right click | 1717 |
| Select | 650 |
| Select group | 449 |
| Build/train/purchase | 129 |
| Use ability | 89 |
| Assign group | 85 |
| Misc. action | 25 |
| Item give/drop | 7 |
| Esc | 4 |
| Minimap ping | 3 |
iggythefisk
(30:08) : 


x1)
| Scroll of Regeneration | 2 | 200 |
| Orb of Fire | 2 | 650 |
| Staff of Sanctuary | 3 | 750 |
| Boots of Speed | 3 | 750 |
| Staff of Teleportation | 3 | 450 |
| Tome of Retraining | 1 | 300 |
| Periapt of Vitality | 1 | 325 |
| Orb of Venom | 1 | 325 |
| total: | 16 | 3750g |
| Peasant | 23 | 1725 | / | 0 |
| Priest | 3 | 405 | / | 30 |
| Sorceress | 1 | 155 | / | 20 |
| total: | 27 | 2285g | / | 50w |
| Scout Tower | 79 | 2370 | / | 1580 |
| Arcane Tower | 10 | 700 | / | 500 |
| Guard Tower | 31 | 2170 | / | 1550 |
| Altar of Kings | 1 | 180 | / | 50 |
| Lumber Mill | 1 | 120 | / | 0 |
| Farm | 5 | 400 | / | 100 |
| Arcane Vault | 2 | 260 | / | 60 |
| Town Hall | 1 | 385 | / | 205 |
| Arcane Sanctum | 1 | 150 | / | 140 |
| Keep | 1 | 320 | / | 210 |
| Castle | 1 | 360 | / | 210 |
| total: | 90 | 3865g | / | 2135w |
| 0:05 | Peasant |
| 0:08 | Peasant |
| 0:08 | Peasant |
| 0:11 | Altar of Kings |
| 0:23 | Lumber Mill |
| 0:25 | Peasant |
| 0:33 | Farm |
| 0:41 | Peasant |
| 0:51 | Peasant |
| 1:07 | Peasant |
| 1:19 | Peasant |
| 1:23 | Farm |
| 1:32 | Scout Tower |
| 1:39 | Improved Masonry |
| 1:51 | Scout Tower |
| 1:54 | Peasant |
| 2:00 | Scout Tower |
| 2:01 | Arcane Tower |
| 2:05 | Peasant |
| 2:11 | Summon Water Elemental |
| 2:17 | Peasant |
| 2:17 | Arcane Tower |
| 2:32 | Scout Tower |
| 2:32 | Guard Tower |
| 2:48 | Peasant |
| 2:58 | Peasant |
| 3:01 | Scout Tower |
| 3:01 | Guard Tower |
| 3:15 | Peasant |
| 3:20 | Brilliance Aura |
| 3:28 | Guard Tower |
| 3:29 | Scout Tower |
| 3:30 | Scout Tower |
| 3:42 | Arcane Vault |
| 3:59 | Guard Tower |
| 4:26 | Boots of Speed |
| 4:26 | Staff of Teleportation |
| 4:37 | Town Hall |
| 4:41 | Scout Tower |
| 5:12 | Scout Tower |
| 5:13 | Guard Tower |
| 5:51 | Keep |
| 5:52 | Scout Tower |
| 5:52 | Scout Tower |
| 6:04 | Peasant |
| 6:05 | Peasant |
| 6:06 | Arcane Tower |
| 6:07 | Guard Tower |
| 6:09 | Scroll of Regeneration |
| 6:28 | Scout Tower |
| 7:58 | Summon Water Elemental |
| 8:34 | Guard Tower |
| 8:37 | Scout Tower |
| 8:38 | Scout Tower |
| 8:38 | Scout Tower |
| 8:39 | Scout Tower |
| 8:39 | Scout Tower |
| 8:40 | Scout Tower |
| 8:44 | Holy Light |
| 8:57 | Peasant |
| 8:57 | Peasant |
| 9:14 | Guard Tower |
| 9:26 | Guard Tower |
| 9:29 | Peasant |
| 9:29 | Peasant |
| 9:33 | Guard Tower |
| 9:35 | Castle |
| 9:37 | Advanced Masonry |
| 9:37 | Improved Lumber Harvesting |
| 9:39 | Farm |
| 9:50 | Arcane Vault |
| 9:51 | Scout Tower |
| 9:51 | Scout Tower |
| 9:53 | Scout Tower |
| 9:54 | Scout Tower |
| 10:22 | Storm Bolt |
| 11:26 | Guard Tower |
| 11:28 | Scout Tower |
| 11:28 | Scout Tower |
| 11:31 | Scout Tower |
| 11:31 | Scout Tower |
| 11:34 | Arcane Sanctum |
| 12:04 | Imbued Masonry |
| 12:04 | Advanced Lumber Harvesting |
| 12:06 | Peasant |
| 12:06 | Peasant |
| 12:14 | Boots of Speed |
| 12:15 | Staff of Teleportation |
| 12:28 | Guard Tower |
| 12:30 | Scout Tower |
| 12:31 | Scout Tower |
| 12:32 | Scout Tower |
| 12:35 | Guard Tower |
| 13:01 | Guard Tower |
| 13:10 | Holy Light |
| 13:24 | Arcane Tower |
| 13:28 | Orb of Fire |
| 13:29 | Staff of Sanctuary |
| 13:31 | Staff of Sanctuary |
| 13:32 | Orb of Fire |
| 13:37 | Arcane Tower |
| 13:49 | Guard Tower |
| 13:51 | Scout Tower |
| 13:52 | Scout Tower |
| 13:53 | Scout Tower |
| 13:54 | Scout Tower |
| 13:54 | Scout Tower |
| 13:55 | Scout Tower |
| 13:55 | Scout Tower |
| 13:56 | Scout Tower |
| 13:57 | Guard Tower |
| 13:59 | Scout Tower |
| 13:59 | Scout Tower |
| 14:00 | Scout Tower |
| 14:01 | Scout Tower |
| 14:01 | Scout Tower |
| 14:37 | Bash |
| 14:56 | Peasant |
| 15:03 | Boots of Speed |
| 15:03 | Staff of Teleportation |
| 15:08 | Guard Tower |
| 15:14 | Arcane Tower |
| 15:32 | Orb of Venom |
| 15:52 | Magic Sentry |
| 15:53 | Priest |
| 15:53 | Priest Adept Training |
| 16:24 | Arcane Tower |
| 16:25 | Guard Tower |
| 16:26 | Scout Tower |
| 16:29 | Scout Tower |
| 16:33 | Scout Tower |
| 16:34 | Scout Tower |
| 16:34 | Scout Tower |
| 16:50 | Tome of Retraining |
| 16:50 | Retrain Hero |
| 16:52 | Blizzard |
| 16:53 | Brilliance Aura |
| 16:56 | Periapt of Vitality |
| 17:29 | Guard Tower |
| 17:32 | Scout Tower |
| 17:33 | Scout Tower |
| 17:34 | Scout Tower |
| 18:33 | Arcane Tower |
| 18:36 | Guard Tower |
| 18:43 | Brilliance Aura |
| 18:50 | Guard Tower |
| 18:54 | Scout Tower |
| 18:56 | Scout Tower |
| 18:56 | Scout Tower |
| 19:06 | Guard Tower |
| 19:15 | Priest |
| 19:22 | Scout Tower |
| 19:23 | Scout Tower |
| 19:24 | Scout Tower |
| 19:41 | Divine Shield |
| 19:47 | Scroll of Regeneration |
| 19:49 | Staff of Sanctuary |
| 20:05 | Scout Tower |
| 20:06 | Scout Tower |
| 20:06 | Scout Tower |
| 20:07 | Scout Tower |
| 20:08 | Scout Tower |
| 20:08 | Scout Tower |
| 20:09 | Scout Tower |
| 20:09 | Scout Tower |
| 20:31 | Guard Tower |
| 20:34 | Scout Tower |
| 20:34 | Scout Tower |
| 20:36 | Guard Tower |
| 21:28 | Farm |
| 21:31 | Priest Master Training |
| 21:37 | Farm |
| 21:53 | Guard Tower |
| 21:58 | Scout Tower |
| 21:59 | Scout Tower |
| 22:00 | Scout Tower |
| 22:00 | Scout Tower |
| 22:01 | Scout Tower |
| 22:01 | Scout Tower |
| 22:02 | Scout Tower |
| 22:02 | Scout Tower |
| 22:04 | Scout Tower |
| 22:05 | Scout Tower |
| 22:08 | Arcane Tower |
| 22:09 | Guard Tower |
| 22:36 | Scout Tower |
| 22:39 | Arcane Tower |
| 23:11 | Sorceress Adept Training |
| 23:12 | Sorceress |
| 23:16 | Priest |
| 24:01 | Guard Tower |
| 24:21 | Storm Bolt |
| 26:12 | Guard Tower |
| 26:26 | Guard Tower |
| 26:28 | Scout Tower |
| 26:29 | Scout Tower |
| 27:16 | Holy Light |
| 28:46 | Guard Tower |
| 29:02 | Blizzard |
| Right click | 1683 |
| Select group | 948 |
| Assign group | 440 |
| Select | 411 |
| Chat | 185 |
| Build/train/purchase | 180 |
| Use ability | 102 |
| Misc. action | 23 |
| Item give/drop | 10 |
| Resource trade | 10 |
| Remove unit | 1 |

| Moonstone | 1 | 50 |
| total: | 1 | 50g |
| Wisp | 21 | 1260 | / | 0 |
| Archer | 14 | 1820 | / | 140 |
| Huntress | 7 | 1365 | / | 140 |
| Hippogryph | 10 | 1600 | / | 200 |
| total: | 52 | 6045g | / | 480w |
| Ancient Protector | 5 | 675 | / | 400 |
| Altar of Elders | 1 | 180 | / | 50 |
| Moon Well | 9 | 1620 | / | 360 |
| Ancient of War | 2 | 300 | / | 120 |
| Hunter's Hall | 1 | 210 | / | 100 |
| Ancient of Wonders | 2 | 180 | / | 60 |
| Tree of Life | 1 | 340 | / | 185 |
| Ancient of Wind | 2 | 300 | / | 280 |
| Tree of Ages | 1 | 320 | / | 180 |
| Tree of Eternity | 1 | 330 | / | 200 |
| total: | 23 | 3805g | / | 1555w |
| 0:04 | Wisp |
| 0:04 | Wisp |
| 0:04 | Wisp |
| 0:09 | Altar of Elders |
| 0:16 | Moon Well |
| 0:18 | Moon Well |
| 0:46 | Ancient of War |
| 0:51 | Wisp |
| 0:51 | Wisp |
| 1:29 | Wisp |
| 1:29 | Wisp |
| 1:38 | Wisp |
| 1:49 | Archer |
| 2:21 | Searing Arrows |
| 3:22 | Trueshot Aura |
| 3:41 | Hunter's Hall |
| 3:44 | Moon Well |
| 3:48 | Wisp |
| 4:14 | Ancient of Wonders |
| 4:23 | Ancient of Wonders |
| 4:25 | Archer |
| 4:47 | Tree of Ages |
| 4:49 | Archer |
| 4:49 | Archer |
| 4:59 | Ancient of War |
| 5:01 | Moon Well |
| 5:41 | Ultravision |
| 5:42 | Strength of the Moon |
| 5:57 | Moonstone |
| 6:03 | Huntress |
| 6:49 | Archer |
| 8:04 | Improved Bows |
| 8:06 | Moon Armor |
| 8:13 | Wisp |
| 8:13 | Wisp |
| 8:13 | Wisp |
| 8:19 | Ancient of Wind |
| 8:23 | Ancient of Wind |
| 9:15 | Searing Arrows |
| 10:00 | Scout |
| 10:14 | Moon Well |
| 10:16 | Improved Strength of the Moon |
| 10:19 | Hippogryph |
| 10:19 | Hippogryph |
| 10:21 | Archer |
| 10:51 | Wisp |
| 10:59 | Tree of Life |
| 11:13 | Hippogryph |
| 11:21 | Hippogryph |
| 12:45 | Hippogryph |
| 12:47 | Archer |
| 12:50 | Tree of Eternity |
| 13:33 | Hippogryph |
| 13:36 | Moon Well |
| 14:02 | Archer |
| 14:16 | Searing Arrows |
| 14:31 | Archer |
| 14:46 | Wisp |
| 14:46 | Wisp |
| 14:46 | Wisp |
| 15:35 | Archer |
| 15:35 | Marksmanship |
| 15:41 | Wisp |
| 15:50 | Advanced Strength of the Moon |
| 16:56 | Archer |
| 16:58 | Hippogryph |
| 17:26 | Improved Moon Armor |
| 17:33 | Moon Well |
| 17:38 | Wisp |
| 17:38 | Wisp |
| 17:45 | Ancient Protector |
| 17:50 | Ancient Protector |
| 18:04 | Ancient Protector |
| 18:09 | Ancient Protector |
| 18:16 | Moon Well |
| 18:18 | Well Spring |
| 18:20 | Wisp |
| 18:21 | Wisp |
| 18:36 | Huntress |
| 20:07 | Huntress |
| 20:08 | Moon Glaive |
| 20:08 | Sentinel |
| 20:09 | Hippogryph |
| 20:12 | Archer |
| 20:20 | Advanced Moon Armor |
| 22:29 | Ancient Protector |
| 22:40 | Starfall |
| 25:56 | Archer |
| 26:17 | Huntress |
| 26:18 | Huntress |
| 26:21 | Moon Well |
| 27:28 | Archer |
| 27:30 | Hippogryph |
| 27:30 | Hippogryph |
| 28:57 | Trueshot Aura |
| 29:20 | Huntress |
| 29:21 | Huntress |
| 29:58 | Trueshot Aura |
| Right click | 1035 |
| Select | 424 |
| Select group | 182 |
| Build/train/purchase | 98 |
| Assign group | 18 |
| Minimap ping | 10 |
| Use ability | 6 |
| Remove unit | 2 |
| Esc | 1 |


| Scroll of Regeneration | 11 | 1100 |
| Lesser Clarity Potion | 11 | 770 |
| Ivory Tower | 12 | 480 |
| Orb of Fire | 2 | 650 |
| Potion of Healing | 1 | 150 |
| Scroll of Town Portal | 4 | 1400 |
| Boots of Speed | 2 | 500 |
| Periapt of Vitality | 1 | 325 |
| total: | 44 | 5375g |
| Peasant | 17 | 1275 | / | 0 |
| Footman | 10 | 1350 | / | 0 |
| Knight | 13 | 3185 | / | 780 |
| Spell Breaker | 2 | 430 | / | 60 |
| total: | 42 | 6240g | / | 840w |
| Scout Tower | 4 | 120 | / | 80 |
| Guard Tower | 12 | 840 | / | 600 |
| Altar of Kings | 1 | 180 | / | 50 |
| Farm | 10 | 800 | / | 200 |
| Barracks | 2 | 320 | / | 120 |
| Lumber Mill | 1 | 120 | / | 0 |
| Town Hall | 2 | 770 | / | 410 |
| Arcane Vault | 1 | 130 | / | 30 |
| Blacksmith | 1 | 140 | / | 60 |
| Arcane Sanctum | 1 | 150 | / | 140 |
| Keep | 1 | 320 | / | 210 |
| Castle | 1 | 360 | / | 210 |
| total: | 23 | 2730g | / | 1090w |
| 0:03 | Peasant |
| 0:04 | Peasant |
| 0:09 | Altar of Kings |
| 0:22 | Farm |
| 0:29 | Peasant |
| 0:38 | Peasant |
| 0:58 | Barracks |
| 1:05 | Peasant |
| 1:05 | Peasant |
| 1:12 | Farm |
| 1:19 | Peasant |
| 1:19 | Peasant |
| 1:56 | Farm |
| 2:10 | Lumber Mill |
| 2:12 | Footman |
| 2:15 | Thunder Clap |
| 2:24 | Peasant |
| 2:24 | Peasant |
| 2:35 | Footman |
| 2:37 | Peasant |
| 3:11 | Storm Bolt |
| 3:16 | Town Hall |
| 3:18 | Scout Tower |
| 3:24 | Peasant |
| 3:25 | Peasant |
| 3:32 | Scout Tower |
| 3:34 | Scout Tower |
| 3:36 | Scout Tower |
| 3:52 | Guard Tower |
| 4:00 | Peasant |
| 4:04 | Guard Tower |
| 4:20 | Guard Tower |
| 4:29 | Peasant |
| 4:30 | Peasant |
| 4:47 | Peasant |
| 4:53 | Guard Tower |
| 5:01 | Footman |
| 5:10 | Arcane Vault |
| 5:18 | Keep |
| 5:33 | Blacksmith |
| 5:38 | Improved Masonry |
| 5:46 | Footman |
| 5:53 | Footman |
| 6:09 | Footman |
| 6:16 | Scroll of Regeneration |
| 6:20 | Farm |
| 6:21 | Scroll of Regeneration |
| 7:10 | Iron Forged Swords |
| 7:11 | Iron Plating |
| 7:58 | Steel Plating |
| 7:59 | Footman |
| 7:59 | Footman |
| 8:00 | Footman |
| 8:03 | Farm |
| 8:11 | Storm Bolt |
| 8:20 | Boots of Speed |
| 8:43 | Farm |
| 8:48 | Scroll of Regeneration |
| 8:50 | Lesser Clarity Potion |
| 8:53 | Castle |
| 8:55 | Advanced Masonry |
| 8:56 | Improved Lumber Harvesting |
| 8:57 | Steel Forged Swords |
| 9:02 | Barracks |
| 9:04 | Footman |
| 9:29 | Farm |
| 9:35 | Lesser Clarity Potion |
| 9:55 | Mithril Plating |
| 9:59 | Holy Light |
| 10:14 | Farm |
| 10:16 | Ivory Tower |
| 10:27 | Guard Tower |
| 11:06 | Scroll of Regeneration |
| 11:06 | Lesser Clarity Potion |
| 11:06 | Ivory Tower |
| 11:07 | Ivory Tower |
| 11:24 | Boots of Speed |
| 11:25 | Periapt of Vitality |
| 11:28 | Animal War Training |
| 11:28 | Sundering Blades |
| 11:30 | Advanced Lumber Harvesting |
| 11:31 | Imbued Masonry |
| 11:48 | Guard Tower |
| 11:51 | Guard Tower |
| 12:08 | Knight |
| 12:13 | Farm |
| 12:19 | Thunder Clap |
| 12:42 | Knight |
| 12:43 | Mithril Forged Swords |
| 13:06 | Divine Shield |
| 13:25 | Knight |
| 14:23 | Knight |
| 14:41 | Scroll of Regeneration |
| 14:43 | Lesser Clarity Potion |
| 14:45 | Scroll of Town Portal |
| 14:45 | Orb of Fire |
| 14:48 | Ivory Tower |
| 14:48 | Ivory Tower |
| 14:48 | Ivory Tower |
| 15:09 | Knight |
| 15:13 | Farm |
| 15:58 | Guard Tower |
| 16:15 | Storm Bolt |
| 16:56 | Lesser Clarity Potion |
| 16:57 | Scroll of Regeneration |
| 17:10 | Lesser Clarity Potion |
| 17:13 | Scroll of Town Portal |
| 17:14 | Ivory Tower |
| 17:15 | Ivory Tower |
| 17:26 | Orb of Fire |
| 17:36 | Knight |
| 17:42 | Scroll of Regeneration |
| 17:52 | Ivory Tower |
| 18:18 | Guard Tower |
| 18:30 | Knight |
| 18:50 | Guard Tower |
| 19:10 | Devotion Aura |
| 19:54 | Scroll of Regeneration |
| 19:55 | Lesser Clarity Potion |
| 20:03 | Lesser Clarity Potion |
| 20:04 | Scroll of Town Portal |
| 20:16 | Potion of Healing |
| 20:19 | Scroll of Town Portal |
| 20:23 | Ivory Tower |
| 20:50 | Scroll of Regeneration |
| 21:17 | Devotion Aura |
| 21:46 | Thunder Clap |
| 21:55 | Knight |
| 21:57 | Scroll of Regeneration |
| 22:06 | Lesser Clarity Potion |
| 22:21 | Ivory Tower |
| 22:21 | Ivory Tower |
| 23:31 | Guard Tower |
| 24:24 | Knight |
| 24:28 | Knight |
| 24:30 | Devotion Aura |
| 24:34 | Scroll of Regeneration |
| 24:37 | Lesser Clarity Potion |
| 24:42 | Lesser Clarity Potion |
| 24:49 | Knight |
| 25:52 | Bash |
| 26:13 | Guard Tower |
| 26:26 | Town Hall |
| 27:34 | Resurrection |
| 28:06 | Knight |
| 28:15 | Arcane Sanctum |
| 29:27 | Bash |
| 29:36 | Spell Breaker |
| 29:37 | Spell Breaker |
| 29:40 | Knight |
| 29:41 | Magic Sentry |
| Right click | 521 |
| Select group | 485 |
| Select | 333 |
| Build/train/purchase | 184 |
| Use ability | 66 |
| Misc. action | 43 |
| Assign group | 31 |
| Item give/drop | 5 |
| Chat | 5 |
| Remove unit | 1 |
⇛